 Dungeon Crawl Stone Soup version 0.25-a0-651-g8c222c7a2b (webtiles) character file.

Game seed: 858640133595802554, levelgen mode: deterministic

80 ReteAZ the Shield-Bearer (level 4, -1/40 HPs)
             Began as a Minotaur Fighter on Mar 22, 2020.
             Was an Initiate of Qazlal.
             Killed by divine providence
             ... invoked by an orc priest
              (11 damage)
             ... while paralysed by Ijyb
             ... on level 3 of the Dungeon.
             The game lasted 00:01:32 (1279 turns).

ReteAZ the Shield-Bearer (Minotaur Fighter)         Turns: 1279, Time: 00:01:33

Health: -1/40      AC:  7    Str: 21    XL:     4   Next: 18%
Magic:  3/3        EV:  2    Int:  5    God:    Qazlal [......]
Gold:   62         SH:  0    Dex: 10    Spells: 3/3 levels left

rFire    . . .     SeeInvis .   a - +0 war axe
rCold    . . .     Gourm    .   c - +0 kite shield
rNeg     . . .     Faith    .   b - +0 scale mail
rPois    .         Spirit   .   (helmet restricted)
rElec    .         Reflect  .   (no cloak)
rCorr    .         Harm     .   (no gloves)
MR       .....                  (no boots)
Stlth    ..........             (no amulet)
HPRegen  0.13/turn              (no ring)
MPRegen  0.08/turn              (no ring)

@: paralysed, mighty
A: retaliatory headbutt, horns 2
a: Renounce Religion


You were on level 3 of the Dungeon.
You worshipped Qazlal.
Qazlal was noncommittal.
You were not hungry.

You visited 1 branch of the dungeon, and saw 3 of its levels.

You collected 62 gold pieces.

Inventory:

Hand Weapons
 a - a +0 war axe (weapon)
Armour
 b - a +0 scale mail (worn)
 c - a +0 kite shield (worn)
Jewellery
 p - an uncursed ring of poison resistance {unknown}
Scrolls
 e - a scroll of magic mapping {unknown}
 h - 3 scrolls of amnesia {unknown}
 k - 6 scrolls of identify {unknown}
 l - 2 scrolls of remove curse {unknown}
 o - a scroll of fear {unknown}
Potions
 d - a potion of might
 g - a potion of berserk rage {unknown}
 i - 4 potions of curing {unknown}
 j - a potion of heal wounds {unknown}
 n - a potion of mutation {unknown}
Comestibles
 f - 3 rations
 m - 4 chunks of flesh


   Skills:
 + Level 4.2 Fighting
 * Level 3.9 Axes
 + Level 4.2 Armour
 + Level 4.2 Shields


You had 3 spell levels left.
You didn't know any spells.
Your spell library contained the following spells:

 Spells                   Type           Power        Failure   Level  Hunger
 Beastly Appendage        Tmut           #.....       99%         1    ##.....
 Sticks to Snakes         Tmut           #.......     100%        2    ###....
 Spider Form              Tmut/Pois      #.........   100%        3    ####...
 Ice Form                 Ice/Tmut       #.......     100%        4    #####..
 Blade Hands              Tmut           #.........   100%        5    ######.


Dungeon Overview and Level Annotations

Branches:
Dungeon (3/15)

Altars:
Cheibriados
Fedhas
Qazlal
Ru
Yredelemnul
The Shining One

Annotations:
D:3 Ijyb


Innate Abilities, Weirdness & Mutations

You reflexively headbutt those who attack you in melee.
You have a pair of horns on your head.


Message History

The orc priest mumbles some strange prayers to Beogh against you.
Beogh smites you! The orc hits you.
The orc priest hits you but does no damage.
You feel very mighty all of a sudden.
Ijyb zaps a wand.
You suddenly lose the ability to move!
The orc hits you.
The orc priest hits you with a +0 flail.
The orc hits you but does no damage. x2
The orc priest miscasts a cantrip.
The orc completely misses you. The orc hits you but does no damage.
The orc priest hits you with a +0 flail.
The orc hits you but does no damage. x2
The orc priest begins to cast a cantrip, but forgets the words!
The orc hits you but does no damage. x2
The orc priest barely misses you. The orc hits you but does no damage.
The orc hits you with a +0 dagger. The orc hits you.
* * * LOW HITPOINT WARNING * * *
The orc priest invokes the aid of Beogh against you.
Beogh smites you!
You die...

#...........#
#.....$.....
#..........
#.........#
+....$....####
##....rg.......
.....oooog.# #@#
....#.#.#
#..........
#...#.#.#
####..........
##+####...#.#.#
#.............
#.........#.#.#
#.............
#.........#.#.#
#.............
####.........#.#.#
#.............
.............#.#.#
#........[....
...............#.#
#.............


You could see Ijyb, an orc priest, 3 orcs, a quokka and a goblin.

Vanquished Creatures
  2 adders
  2 dart slugs
  5 leopard geckos
  2 giant cockroaches
  5 goblins
  5 hobgoblins
  4 jackals (D:1)
  A quokka (D:2)
  A ball python (D:1)
  4 bats
  14 kobolds
  7 rats
52 creatures vanquished.

Notes
Turn   | Place    | Note
-------+----------+-------------------------------------------
     0 | D:1      | ReteAZ the Minotaur Fighter began the quest for the Orb.
     0 | D:1      | Reached XP level 1. HP: 19/19 MP: 0/0
    55 | D:1      | Reached XP level 2. HP: 22/27 MP: 1/1
   277 | D:1      | Reached XP level 3. HP: 33/33 MP: 2/2
   692 | D:2      | Found a glowing golden altar of the Shining One.
   912 | D:2      | Found a blossoming altar of Fedhas.
   912 | D:2      | Found a stormy altar of Qazlal.
   922 | D:2      | Found a faded altar of an unknown god.
   924 | D:2      | Became a worshipper of Qazlal Stormbringer
   929 | D:2      | Found a snail-covered altar of Cheibriados.
   931 | D:2      | Found a basalt altar of Yredelemnul.
  1056 | D:2      | Reached XP level 4. HP: 40/40 MP: 3/3
  1135 | D:2      | Found a sacrificial altar of Ru.
  1268 | D:3      | Noticed Ijyb
  1268 | D:3      | Paralysed by Ijyb for 4 turns
  1273 | D:3      | Paralysed by Ijyb for 7 turns
  1279 | D:3      | Killed from afar by an orc priest

Levels and vault maps discovered:
D:1:      minmay_arrival_solitary_statue, layout_loops_ring, serial_bayou_pond_a
D:2:      cheibrodos_helix_gallery, layout_rooms,
          chequers_temple_overflow_minitemple, lemuel_coloured_pillars_altar,
          old_standard_altar, serial_bayou_pond_e, kennysheep_generic_room_8
D:3:      cheibrodos_greedy_goblins, layout_basic, zin_scriptorium,
          lemuel_crystal_altar, first_ration, chequers_serial_rivers_micro_c,
          uniq_ijyb, uniq_jessica

Skill      XL: |  1  2  3 |
---------------+----------+-----
Axes           | 3 |  3.9
Fighting       | 4 |  4.2
Armour         | 4 |  4.2
Shields        | 4 |  4.2

Action                   |  1- 3 |  4- 6 || total
-------------------------+-------+-------++-------
Melee: War axe           |    83 |    11 ||    94
       Headbutt          |    12 |     1 ||    13
  Use: Potion            |       |     1 ||     1
  Eat: Chunk             |       |     1 ||     1
Armor: Scale mail        |    27 |    10 ||    37
Dodge: Dodged            |    25 |     9 ||    34
Block: Kite shield       |    39 |     5 ||    44

Table legend:
 A = Non-vault XP
 B = Vault XP
 C = Vault XP percentage of total XP
 D = Non-vault monster count
 E = Vault monster count
 F = Vault count percentage of total count
                 A         B        C        D         E       F
            +---------+---------+-------+---------+---------+-------
      Total |     109 |       6 |   5.2 |      49 |       3 |   5.8
            +---------+---------+-------+---------+---------+-------
        D:1 |      51 |       0 |   0.0 |      28 |       0 |   0.0
        D:2 |      42 |       6 |  12.5 |      18 |       3 |  14.3
        D:3 |      16 |       0 |   0.0 |       3 |       0 |   0.0
            +---------+---------+-------+---------+---------+-------
